 Dungeon Crawl Stone Soup version 0.30.1-11-g7821555f0a (webtiles) character file.

Game seed: 12048434729182410717

266 Nonny the Gusty (level 6, -2/32 HPs)
             Began as a Tengu Venom Mage on Nov 17, 2023.
             Was a Follower of Okawaru.
             Slain by a wyvern (16 damage)
             ... on level 7 of the Dungeon on Nov 18, 2023.
             The game lasted 00:21:38 (2758 turns).

Nonny the Gusty (Tengu Venom Mage)                  Turns: 2758, Time: 00:21:39

Health: -2/32      AC:  3    Str:  9    XL:     6   Next: 20%
Magic:  11/13      EV: 14    Int: 17    God:    Okawaru [*.....]
Gold:   138        SH:  0    Dex: 14    Spells: 3/13 levels left

rFire   . . .        (no weapon)
rCold   + . .        (no shield)
rNeg    . . .        h - +1 robe {rC+}
rPois   .            (helmet restricted)
rElec   .            (no cloak)
rCorr   .            (no gloves)
SInv    .            (boots unavailable)
Will    .....        (no amulet)
Stlth   ++           (no ring)
HPRegen 0.25/turn    (no ring)
MPRegen 0.13/turn

%: no passive effects
@: about to teleport, flying quickly and evasively, quick
A: beak, talons 3, nimble flight
a: Renounce Religion, Heroism


You were on level 7 of the Dungeon.
You worshipped Okawaru.
Okawaru was aware of your devotion.
You visited 1 branch of the dungeon, and saw 6 of its levels.

You collected 138 gold pieces.

Inventory:

Missiles
 a - 4 silver javelins
 f - 4 boomerangs
 i - 5 javelins
 o - 4 poisoned darts
Armour
 h - a +1 robe of cold resistance (worn)
Scrolls
 e - 2 scrolls of teleportation
 k - a scroll of brand weapon {unknown}
 l - a scroll of enchant weapon {unknown}
 m - a scroll of butterflies {unknown}
 n - a scroll of noise {unknown}
 q - a scroll of fog
Potions
 b - a potion of magic
 c - 3 potions of attraction
 d - a potion of might
 g - 3 potions of curing {unknown}
 j - 2 potions of berserk rage {unknown}
 p - a potion of brilliance {unknown}
 r - a potion of heal wounds {unknown}


   Skills:
 + Level 0.1 Fighting
 - Level 1.0 Armour
 - Level 2.1 Dodging
 * Level 3.3 Stealth
 - Level 4.0 Spellcasting
 - Level 0.7 Transmutations
 * Level 4.1 Air Magic
 - Level 3.2 Poison Magic


You had 3 spell levels left.
You knew the following spells:

 Your Spells              Type           Power      Damage    Failure   Level
a - Sting                 Tmut/Pois      40%        1d5       7%          1
b - Poisonous Vapours     Pois/Air       32%        N/A       5%          2
c - Mephitic Cloud        Conj/Pois/Air  11%        N/A       17%         3
d - Airstrike             Air            8%         2d(2-18)  28%         4

Your spell library contained the following spells:

 Spells                   Type           Power      Damage    Failure   Level
 Static Discharge         Conj/Air       20%        2-3/arc   10%         2
 Beastly Appendage        Tmut           10%        N/A       12%         1
 Wereblood                Tmut           5%         N/A       19%         2
 Spider Form              Tmut/Pois      10%        N/A       21%         3
 Inner Flame              Hex/Fire       3%         N/A       43%         3
 Portal Projectile        Hex/Tloc       6%         N/A       43%         3
 Olgreb's Toxic Radiance  Pois           14%        N/A       38%         4
 Leda's Liquefaction      Hex/Erth       1%         N/A       83%         4
 Yara's Violent Unravell  Hex/Tmut       2%         3d3       98%         5
 Enfeeble                 Hex            1%         N/A       100%        7
 Call Canine Familiar     Summ           Unusable   N/A       N/A         3
 Summon Lightning Spire   Summ/Air       Unusable   N/A       N/A         4

Dungeon Overview and Level Annotations

Branches:
Dungeon (7/15)
 Temple: D:4-7

Altars:
Hepliaklqana
Okawaru
Sif Muna


Innate Abilities, Weirdness & Mutations

You have a beak for a mouth.
You have claws for feet.
Your magical nature lets you fly swiftly and evasively.


Message History

The orc barely misses you.
There is a stone staircase leading down here.
You fly downwards.
There is a stone staircase leading up here.
Found a scroll of poison.
A water moccasin comes into view.
The water moccasin hisses angrily.
Okay, then.
Okay, then.
Casting: Sting (safe; 7% risk of failure)
Confirm with . or Enter, or press ? or * to list all spells.
Okay, then.
As you read the scroll of teleportation, it crumbles to dust.
You feel strangely unstable.
Your surroundings suddenly seem different.
An orc comes into view. It is wielding a +0 short sword.
Unknown command.
Casting: Sting (safe; 7% risk of failure)
Confirm with . or Enter, or press ? or * to list all spells.
Aiming: Poisonous Vapours (safe; 5% risk of failure)
Press: ? - help, Dir - move target, f - orc wizard
Aim: an orc wizard, wielding a +0 dagger and wearing a +0 robe (heavily wounded) Poisonous vapours surround the orc wizard!
The orc wizard is poisoned.
The orc shouts!
The wyvern hisses angrily.
The orc wizard hits you but does no damage.
The orc wizard gestures wildly while chanting.
The orc wizard flickers and vanishes!
Deactivating autopickup; reactivate with Ctrl-A.
The wyvern attacks as you move away! The wyvern bites you!!
Ouch! That really hurt!
The wyvern closely misses you. The wyvern attacks as you move away!
The wyvern bites you.
The wyvern hisses menacingly.
As you read the scroll of teleportation, it crumbles to dust.
You feel strangely unstable. The wyvern completely misses you.
The wyvern attacks as you move away! The wyvern barely misses you.
The wyvern bites you!
Ouch! That really hurt!
You die...

######## ###
##......########@###
..........##.##..l.#
............#.####.##
.............## #..#
.?............## #..##
...............###...##
................##o...#..
...........o......#.......
.......<...................


You could see a wyvern.

Vanquished Creatures
  Sigmund (D:2)
  Jessica (D:2)
  A worm (D:1)
  3 dart slugs
  8 endoplasms
  4 giant cockroaches
  6 goblins
  10 hobgoblins
  3 jackals (D:3)
  3 quokkas
  7 ball pythons
  6 bats
  2 frilled lizards
  7 kobolds
  5 rats
67 creatures vanquished.

Notes
Turn   | Place    | Note
-------+----------+-------------------------------------------
     0 | D:1      | Nonny the Tengu Venom Mage began the quest for the Orb.
     0 | D:1      | Reached XP level 1. HP: 10/10 MP: 4/4
    21 | D:1      | Starting vault: three doors.
   274 | D:1      | Reached XP level 2. HP: 15/15 MP: 4/6
   325 | D:1      | Learned a level 2 spell: Poisonous Vapours
   583 | D:1      | Reached XP level 3. HP: 19/19 MP: 4/7
   597 | D:1      | Learned a level 3 spell: Mephitic Cloud
   822 | D:2      | Found a faded altar of an unknown god.
   826 | D:2      | Reached skill level 1 in Air Magic
   879 | D:2      | Noticed Jessica
   892 | D:2      | Killed Jessica
   893 | D:2      | Reached XP level 4. HP: 24/24 MP: 1/9
   967 | D:2      | Prayed at the altar of an unknown god.
   967 | D:2      | Became a worshipper of Warmaster Okawaru
   967 | D:2      | Reached * piety under Okawaru
  1016 | D:2      | Noticed Sigmund
  1651 | D:2      | Found a shimmering blue altar of Sif Muna.
  1710 | D:2      | Killed Sigmund
  1711 | D:2      | Reached skill level 1 in Armour
  1711 | D:2      | Gained mutation: Your magical nature lets you fly swiftly
                  | and evasively. [Tengu growth]
  1711 | D:2      | Reached XP level 5. HP: 28/28 MP: 5/11
  1711 | D:2      | Reached XP level 6. HP: 32/32 MP: 5/12
  1780 | D:3      | Learned a level 4 spell: Airstrike
  2441 | D:3      | This floor has a huge chamber taking up its center.
  2587 | D:4      | Found a hazy altar of Hepliaklqana.
  2653 | D:4      | You are sucked into a shaft and drop 3 floors!
  2682 | D:7      | Noticed an orc warrior
  2690 | D:7      | Noticed a wyvern
  2734 | D:7      | Noticed a water moccasin
  2758 | D:7      | Slain by a wyvern

Illustrated notes #... #... #... ... #.## ####..##### #.........# ##+##'##'## #...@.....# #.#.....#.# #.#.....#.# #....<....# ########### Turn 21 on D:1: Starting vault: three doors.

# #..........................# #
#..........................# #
#..........................# #
#..........................# #
#..........................# #
#..........................# #
#..........................# #
#..........................# #
#....÷........@............# #
#..........................## #
#...........................#
###...........................#
.†.........................<..##
###..........................).##
# #..........................#...
..........................>....>.
###..........................####


Turn 2441 on D:3: This floor has a huge chamber taking up its center.

Levels and vault maps discovered:
D:1:      lemuel_arrival_behind_the_door_small, layout_basic
D:2:      layout_loops_ring, basic_altar, nicolae_ecumenical_lake_church,
          uniq_sigmund, uniq_jessica
D:3:      layout_basic
D:4:      layout_cave_pods, nemelex_diamond_rough_becter,
          mainiacjoe_overflow_catwalk, serial_shops, nicolae_shop_tiny_glass,
          minmay_crystal_room, nrook_uturn, hangedman_decor_opposing
D:6:      layout_loops_ring, fedhas_altar_4
D:7:      minmay_skewed_foursquare, layout_layer_cave,
          mainiacjoe_overflow_small_starburst, cheibriados_altar_1

Skill      XL: |  1  2  3  4  5  6 |
---------------+-------------------+-----
Air Magic      | 1 4 |  4.1
Spellcasting   | 3 4 |  4.0
Armour         | 1 |  1.0
Stealth        | 3 |  3.3
Fighting       | |  0.1
Dodging        | |  2.1
Transmutations | |  0.7
Poison Magic   | |  3.2

Action                     |  1- 3 |  4- 6 || total
---------------------------+-------+-------++-------
  Melee: Unarmed           |    21 |    57 ||    78
         Kick              |     4 |    19 ||    23
         Peck              |     3 |    10 ||    13
   Cast: Sting             |    39 |    10 ||    49
         Poisonous Vapours |     8 |    32 ||    40
         Airstrike         |       |     1 ||     1
    Use: Scroll            |     3 |     6 ||     9
   Stab: Sleeping          |       |     1 ||     1
 Armour: Robe              |     1 |    13 ||    14
         Leather armour    |    12 |       ||    12
  Dodge: Dodged            |    32 |    46 ||    78
